lancelot, lawful male human Knight ---- --- --- --..| ---.--- ---..-- ---|...| --.....--- |.....| -- |..|.|.| ---- --- |..<.....|--.....-- ...| |....|.| |..--..| --.......#-.!.....| .....-- -----|.| |......| --.......*@..............-- |.| ------....- ------- |.......@................# |.| ---......%..| ----.|.|.--- --.....DB).%.............| |.| |...........-- ---....).....| #..........---.......#..| |.---|............---............| |...).....-- - ....----- |...|----....---.....|.|...---...-- --.)..----- .-#- ---.---|....-- ---...|---..| |....#----.---- | |...--..--- --..---|..|--(^...--.+[| ---....-- |....|-----.......(.--- ---|...-- #-...| ---.......(..| |..--..--- |...#- |.....|....--- |........--- |...-# |....-#-...| --.........-------....-#--..##-#.#-# |...............................# --------.---------------#------#- --- # lancelot the Bachelor Experience level: 9 Strength: 16 Dexterity: 11 Constitution: 15 Intelligence: 9 Wisdom: 15 Charisma: 17 Health: 0(70) Energy: 62(62) Def: 10 Gold: 0 Moves: 11902 Dungeon seed: -ZPWrR3F3tLoQ0JY Game ID: lancelot_1541073420 Your Inventory: Weapons a - a +1 long sword (weapon in hand) b - a +1 lance (alternate weapon; not wielded) Armor e - a blessed +1 ring mail (being worn) n - an uncursed +0 helmet (being worn) q - an uncursed +0 small shield (being worn) r - an uncursed +0 pair of leather gloves (being worn) y - a blessed +1 pair of iron shoes (being worn) N - an uncursed +0 mummy wrapping (being worn) Scrolls I - a cursed scroll of identify Potions m - a cursed potion of enlightenment named 100 H - an uncursed potion of water Rings t - a cursed ring of aggravate monster B - an uncursed +1 ring of increase damage G - a blessed +1 ring of gain constitution O - a blessed +1 ring of increase damage Wands d - a wand of make invisible (0:6) Q - a wand of striking (0:1) R - a wand of secret door detection (0:14) S - a wand of magic missile (0:0) T - a wand of striking (0:1) Tools D - an expensive camera (0:69) E - an uncursed magic lamp (lit) F - an uncursed blindfold J - an uncursed stethoscope U - an uncursed sack Gems z - 2 uncursed worthless pieces of blue glass Y - an uncursed agate stone Contents of the sack: 860 gold pieces 10 uncursed apples 6 uncursed carrots 4 uncursed food rations an uncursed slime mold a cursed scroll of create monster named 100 2 uncursed scrolls of enchant armor named 40 an uncursed scroll of fire named 50 an uncursed scroll of gold detection named 50 an uncursed scroll of identify named light an uncursed scroll of remove curse named 40 an uncursed scroll of stinking cloud named 150 2 uncursed scrolls of teleportation named 50 an uncursed ring of warning an uncursed chrysoberyl stone an uncursed ruby an uncursed worthless piece of violet glass an uncursed worthless piece of white glass an uncursed worthless piece of yellow glass Spells and supernatural/magical abilities: Name Level Category Fail Memory a - force bolt 1 attack 100% 61% k - knock 1 matter 100% 93% W - pray for help -- divine ? -- X - turn undead -- divine ? -- Y - supernatural jump -- ability ? -- Your skills at the end: Fighting Skills riding [Basic] Weapon Skills long sword [Expert] lance [Basic] Spellcasting Skills Final Attributes: You were piously aligned. You were poison resistant. You were hallucinating. You were telepathic. You were visible. You aggravated monsters. You could jump. You were fast. Lugh was angry with you. You are dead (2nd time!). Vanquished creatures: a giant mimic a large mimic 3 small mimics a wood golem a tengu an ettin zombie a cockatrice a panther 2 gremlins 2 leprechauns an orc-captain a giant spider a horse a black light 3 gnome kings a yeti a gold golem 2 chickatrices a dingo 3 jaguars a snake 8 apes 5 soldier ants 3 imps 2 wood nymphs a water nymph a mountain nymph 6 Mordor orcs 5 Uruk-hai 2 rock piercers 2 rock moles a pony 2 fog clouds 2 yellow lights a shrieker a violet fungus 14 gnome lords 4 gnomish wizards 2 kobold mummies a red naga hatchling 2 black naga hatchlings a gray ooze an elf zombie 3 giant ants a little dog 4 floating eyes 4 kittens 4 dwarves 2 kobold lords 7 hill orcs 4 rothes 2 rabid rats 2 centipedes 2 giant bats a monkey 4 werejackals 4 iguanas an acid blob 2 gas spores 2 hobbits 2 hobgoblins 7 giant rats 3 cave spiders 2 yellow molds a red mold 50 gnomes 2 gnome zombies 4 geckos 13 jackals 3 foxes 4 kobolds 5 goblins a sewer rat 15 grid bugs 2 bats 9 lichens 2 kobold zombies 10 newts and a partridge in a pear tree 281 creatures vanquished. Voluntary challenges: You used a wielded weapon 417 times, starting on turn 70. You read items or engraved 35 times, starting on turn 4012. You never genocided any monsters. You never polymorphed an object. You changed form 2 times, starting on turn 2710. You used no wishes. You never split a pudding. You wrote Elbereth's name 24 times, starting on turn 5089. You violated your moral code, losing 11 points of alignment, starting on turn 3300. Dungeon overview: The Dungeons of Doom: levels 1 to 9 Level 1 a fountain, a sink a long staircase Level 2 an altar to Lugh Level 3 a fountain Level 4 some fountains stairs to The Gnomish Mines Level 5 a fountain Level 6 a fountain Level 7 Level 8 many fountains Level 9 The Gnomish Mines: levels 5 to 12 Level 5 stairs to The Dungeons of Doom Level 6 <- You were here Level 7 Level 8 many shops, a temple to Brigit, a fountain Level 9 Level 10 Level 11 Level 12 History has recorded: On T:1 you entered the Dungeons of Doom to retrieve the Amulet of Yendor! On T:119 you reached level 2 of The Dungeons of Doom. On T:290 you advanced to experience level 2. On T:893 you advanced to experience level 3. On T:1105 you reached level 3 of The Dungeons of Doom. On T:1251 you reached level 4 of The Dungeons of Doom. On T:1700 you advanced to experience level 4. On T:2212 you reached level 5 of The Dungeons of Doom. On T:2705 you advanced to experience level 5. On T:3035 you advanced to experience level 7. On T:3342 you reached level 1 of The Gnomish Mines. On T:4446 you reached level 6 of The Dungeons of Doom. On T:4637 you reached level 7 of The Dungeons of Doom. On T:4913 you reached level 8 of The Dungeons of Doom. On T:5235 you were saved from death by your amulet of life saving! On T:6571 you reached level 2 of The Gnomish Mines. On T:6749 you reached level 3 of The Gnomish Mines. On T:6959 you advanced to experience level 8. On T:7254 you reached level 4 of The Gnomish Mines. On T:7862 you reached level 5 of The Gnomish Mines. On T:8055 you reached level 6 of The Gnomish Mines. On T:8644 you advanced to experience level 9. On T:8717 you reached level 7 of The Gnomish Mines. On T:9072 you reached level 8 of The Gnomish Mines. On T:10948 you reached level 9 of The Dungeons of Doom. Score breakdown: Gold: 860 ( 9983 points) Experience: 9 levels (15756 points) Exploration: 12 levels ( 23.53%) (14071 points) Discoveries: 18 items ( 7.32%) ( 8115 points) Valuables value: (no points given unless you survive) Artifact value: 0 ( 0 points) Variety of kills: 78 monsters ( 20.47%) (13573 points) Turncount: 11902 turns (-2635 points) Survival: died (score multiplied by 80%) Total score: 47090 Latest messages: Salutations lancelot, the male human Knight, welcome back to NetHack! You hear nothing special. The lynx misses the giant pigmy. The nalfeshnee misses the snake. You see here 2 daggers. The dwarf drops 5 daggers. The gnome lord misses the wraith. The mastodon misses the elf zombie. The pyrolisk is blinded by the flash! The white dragon gets angry! The ice devil bites the killer bee. The master mind flayer is killed! The manes bites the sleazoid. The kobold zombie misses the straw golem. The giant ant misses the large kobold. The water nymph bites the ghoul. The beholder misses the tengu. The hobgoblin misses the pit viper. You hear crashing rock. The red mold butts! You die... Final status: Fare thee well lancelot the Knight, killed by a hallucinogen-distorted mumak... You died in The Gnomish Mines on dungeon level 6 with 47090 points, and 860 pieces of gold, after 11902 moves. You were level 9 with a maximum of 70 hit points when you died.